| TOP OF THE 1ST |
|
Americus Braves batting - Pitching for Amarillo ThunderHeads : RHP Fidel Alonso
|
|
Pitching: RHP Fidel Alonso
|
|
|
Batting: RHB Ryan Cole
|
0-0: Called Strike 0-1: Swinging Strike 0-2: Ball 1-2: Strikes out swinging, 2-3 out at first.
|
|
Batting: SHB Chris Morrison
|
0-0: Called Strike 0-1: Ball 1-1: Swinging Strike 1-2: Strikes out swinging
|
|
Batting: RHB Wilson Salgado
|
0-0: Ball 1-0: Ball 2-0: Fly out, F9 (Flyball, 9LSF, EV 90.0 MPH)
|
| Top of the 1st over - 0 runs, 0 hits, 0 errors, 0 left on base; Americus 0 - Amarillo 0 |
| BOTTOM OF THE 1ST |
|
Amarillo ThunderHeads batting - Pitching for Americus Braves : LHP Jose Reyes
|
|
Pitching: LHP Jose Reyes
|
|
|
Batting: LHB Carlos Guajardo
|
0-0: Foul Ball, location: 2F 0-1: Ball 1-1: SINGLE (Groundball, 4MS, EV 68.1 MPH) (infield hit)
|
|
Batting: SHB Jose Ramirez
|
0-0: Called Strike 0-1: Ball Wild Pitch! Carlos Guajardo to second 1-1: Called Strike 1-2: Foul Ball, location: 2F 1-2: Ball 2-2: Foul Ball, location: 2F 2-2: Foul Ball, location: 2F 2-2: Ball 3-2: Ground out 3-1 (Groundball, 34, EV 88.8 MPH) Carlos Guajardo to third
|
|
Batting: RHB Bill Flannery
|
0-0: Called Strike 0-1: Ball 1-1: Swinging Strike 1-2: Ball 2-2: Foul Ball, location: 2F 2-2: Ground out 6-3 (Groundball, 6S, EV 83.8 MPH) Carlos Guajardo scores
|
|
Batting: LHB Tony Cisneros
|
0-0: Swinging Strike 0-1: Ball 1-1: Foul Ball, location: 2F 1-2: Fly out, F7 (Flyball, 78XD, EV 94.4 MPH)
|
| Bottom of the 1st over - 1 run, 1 hit, 0 errors, 0 left on base; Americus 0 - Amarillo 1 |
| TOP OF THE 2ND |
|
Americus Braves batting - Pitching for Amarillo ThunderHeads : RHP Fidel Alonso
|
|
Batting: RHB Bill Horne
|
0-0: Ball 1-0: Foul Ball, location: 2F 1-1: Swinging Strike 1-2: Ball 2-2: Ball 3-2: Foul Ball, location: 2F 3-2: Foul Ball, location: 2F 3-2: Base on Balls
|
|
Batting: RHB Josh Maxwell
|
0-0: Foul Ball, location: 2F 0-1: Foul Ball, location: 2F 0-2: Ball 1-2: Ball 2-2: Strikes out swinging
|
|
Batting: RHB Chris Foss
|
0-0: Called Strike 0-1: Swinging Strike 0-2: Strikes out swinging
|
|
Batting: RHB Travis Mendoza
|
0-0: Ball 1-0: Swinging Strike 1-1: Ball 2-1: Ball 3-1: Foul Ball, location: 2F 3-2: Foul Ball, location: 2F 3-2: Base on Balls Bill Horne to second
|
|
Batting: LHB Pappy Sterile
|
0-0: Ball 1-0: Foul Ball, location: 2F 1-1: Foul Ball, location: 2F 1-2: Strikes out looking
|
| Top of the 2nd over - 0 runs, 0 hits, 0 errors, 2 left on base; Americus 0 - Amarillo 1 |
| BOTTOM OF THE 2ND |
|
Amarillo ThunderHeads batting - Pitching for Americus Braves : LHP Jose Reyes
|
|
Batting: LHB Thie Hofmann
|
0-0: Ball 1-0: SINGLE (Line Drive, 89S, EV 94.4 MPH)
|
|
Batting: RHB Jorge Balderama
|
0-0: Foul Ball, location: 2F 0-1: Called Strike 0-2: Strikes out swinging
|
|
Batting: LHB Bill Mahoney
|
0-0: Called Strike 0-1: Ball 1-1: Fly out, F9 (Flyball, 9, EV 90.6 MPH)
|
|
Batting: RHB Eddie Vanderjagt
|
0-0: Called Strike 0-1: Called Strike 0-2: Strikes out swinging
|
| Bottom of the 2nd over - 0 runs, 1 hit, 0 errors, 1 left on base; Americus 0 - Amarillo 1 |
| TOP OF THE 3RD |
|
Americus Braves batting - Pitching for Amarillo ThunderHeads : RHP Fidel Alonso
|
|
Batting: RHB Juan Barela
|
0-0: Called Strike 0-1: Swinging Strike 0-2: Strikes out looking
|
|
Batting: RHB Ryan Cole
|
0-0: Called Strike 0-1: Swinging Strike 0-2: Strikes out swinging
|
|
Batting: SHB Chris Morrison
|
0-0: Ground out 6-3 (Groundball, P, EV 90.6 MPH)
|
| Top of the 3rd over - 0 runs, 0 hits, 0 errors, 0 left on base; Americus 0 - Amarillo 1 |
| BOTTOM OF THE 3RD |
|
Amarillo ThunderHeads batting - Pitching for Americus Braves : LHP Jose Reyes
|
|
Batting: RHB Adrian Quilantan
|
0-0: Swinging Strike 0-1: Ball 1-1: Fly out, F8 (Flyball, 78S, EV 95.0 MPH)
|
|
Batting: LHB Carlos Guajardo
|
0-0: Ball 1-0: Foul Ball, location: 2F 1-1: Foul Ball, location: 2F 1-2: Strikes out looking
|
|
Batting: SHB Jose Ramirez
|
0-0: Ball 1-0: Called Strike 1-1: DOUBLE (Groundball, 3L, EV 94.4 MPH)
|
|
Batting: RHB Bill Flannery
|
0-0: Ball 1-0: Called Strike 1-1: Swinging Strike 1-2: Foul Ball, location: 2F 1-2: Strikes out swinging
|
| Bottom of the 3rd over - 0 runs, 1 hit, 0 errors, 1 left on base; Americus 0 - Amarillo 1 |
| TOP OF THE 4TH |
|
Americus Braves batting - Pitching for Amarillo ThunderHeads : RHP Fidel Alonso
|
|
Batting: RHB Wilson Salgado
|
0-0: Ball 1-0: Ball 2-0: Ball 3-0: Called Strike 3-1: Called Strike 3-2: Base on Balls
|
|
Batting: RHB Bill Horne
|
0-0: Called Strike 0-1: Ball 1-1: Foul Ball, location: 2F 1-2: Ball 2-2: Ball 3-2: Strikes out swinging
|
|
Batting: RHB Josh Maxwell
|
0-0: Called Strike Wilson Salgado steals 2nd base 0-1: Foul Ball, location: 2F 0-2: Ball 1-2: Ball 2-2: Strikes out swinging
|
|
Batting: RHB Chris Foss
|
0-0: Ball 1-0: Ball 2-0: 2-RUN HOME RUN (Flyball, 7D, EV 98.1 MPH), Distance : 362 ft
|
|
Batting: RHB Travis Mendoza
|
0-0: Ball 1-0: Ball 2-0: Foul Ball, location: 2F 2-1: Ball 3-1: Base on Balls
|
|
Batting: LHB Pappy Sterile
|
0-0: Called Strike 0-1: Called Strike 0-2: Foul Ball, location: 2F 0-2: Ball 1-2: Ball Pickoff Throw to First - Out! 1-3
|
| Top of the 4th over - 2 runs, 1 hit, 0 errors, 0 left on base; Americus 2 - Amarillo 1 |
| BOTTOM OF THE 4TH |
|
Amarillo ThunderHeads batting - Pitching for Americus Braves : LHP Jose Reyes
|
|
Batting: LHB Tony Cisneros
|
0-0: Called Strike 0-1: Called Strike 0-2: Ball 1-2: Strikes out swinging
|
|
Batting: LHB Thie Hofmann
|
0-0: Ball 1-0: Ball 2-0: Called Strike 2-1: DOUBLE (Line Drive, 89M, EV 96.2 MPH)
|
|
Batting: RHB Jorge Balderama
|
0-0: Foul Ball, location: 2F 0-1: Ball 1-1: Called Strike 1-2: Foul Ball, location: 2F 1-2: Ground out 6-3 (Groundball, 6, EV 83.8 MPH)
|
|
Batting: LHB Bill Mahoney
|
0-0: Ball 1-0: Ball 2-0: Called Strike 2-1: Foul Ball, location: 2F 2-2: Fly out, F7 (Flyball, 7S, EV 95.0 MPH)
|
| Bottom of the 4th over - 0 runs, 1 hit, 0 errors, 1 left on base; Americus 2 - Amarillo 1 |
| TOP OF THE 5TH |
|
Americus Braves batting - Pitching for Amarillo ThunderHeads : RHP Fidel Alonso
|
|
Batting: LHB Pappy Sterile
|
0-0: Ball 1-0: Foul Ball, location: 2F 1-1: Foul Ball, location: 2F 1-2: Ground out 6-3 (Groundball, 6, EV 100.6 MPH)
|
|
Batting: RHB Juan Barela
|
0-0: Foul Ball, location: 2F 0-1: Ball 1-1: Ball 2-1: SOLO HOME RUN (Flyball, 9D, EV 108.1 MPH), Distance : 389 ft
|
|
Pitching: RHP Vince Sumpter
|
|
|
Batting: RHB Ryan Cole
|
0-0: Foul Ball, location: 2F 0-1: Ball 1-1: Ball 2-1: Foul Ball, location: 2F 2-2: Ball 3-2: Fly out, F9 (Flyball, 9D, EV 104.4 MPH)
|
|
Batting: SHB Chris Morrison
|
0-0: Ball 1-0: Ball 2-0: Called Strike 2-1: Ball 3-1: Reached on error, E4 (Groundball, 4, EV 85.6 MPH)
|
|
Batting: RHB Wilson Salgado
|
0-0: Called Strike Chris Morrison steals 2nd, throwing error, E2 Chris Morrison to third 0-1: Ball 1-1: Foul Ball, location: 2F 1-2: Ball 2-2: Strikes out swinging
|
| Top of the 5th over - 1 run, 1 hit, 2 errors, 1 left on base; Americus 3 - Amarillo 1 |
| BOTTOM OF THE 5TH |
|
Amarillo ThunderHeads batting - Pitching for Americus Braves : LHP Jose Reyes
|
|
Batting: RHB Eddie Vanderjagt
|
0-0: Ball 1-0: Fly out, F9 (Flyball, 9, EV 86.9 MPH)
|
|
Batting: RHB Adrian Quilantan
|
0-0: Ball 1-0: Reached on error, E6 (Groundball, 6, EV 75.6 MPH)
|
|
Batting: LHB Carlos Guajardo
|
0-0: Ball 1-0: Foul Ball, location: 2F 1-1: Swinging Strike 1-2: Ball Wild Pitch! Adrian Quilantan to second 2-2: Strikes out looking
|
|
Batting: SHB Jose Ramirez
|
0-0: Ball 1-0: Foul Ball, location: 2F 1-1: Swinging Strike 1-2: Ball 2-2: Ball 3-2: Base on Balls
|
|
Batting: RHB Bill Flannery
|
0-0: Swinging Strike 0-1: Foul Ball, location: 2F 0-2: Ball 1-2: Ball 2-2: Foul Ball, location: 2F 2-2: Fielders Choice at 2nd, 6-4 (Groundball, 6, EV 100.0 MPH)
|
| Bottom of the 5th over - 0 runs, 0 hits, 1 error, 2 left on base; Americus 3 - Amarillo 1 |
| TOP OF THE 6TH |
|
Americus Braves batting - Pitching for Amarillo ThunderHeads : RHP Vince Sumpter
|
|
Batting: RHB Bill Horne
|
0-0: Ball 1-0: Called Strike 1-1: Ball 2-1: Ball 3-1: Foul Ball, location: 2F 3-2: Strikes out swinging
|
|
Batting: RHB Josh Maxwell
|
0-0: Called Strike 0-1: Ball 1-1: Ball 2-1: Ball 3-1: Foul Ball, location: 2F 3-2: Strikes out swinging
|
|
Batting: RHB Chris Foss
|
0-0: Ground out 3-1 (Groundball, 34S, EV 86.2 MPH)
|
| Top of the 6th over - 0 runs, 0 hits, 0 errors, 0 left on base; Americus 3 - Amarillo 1 |
| BOTTOM OF THE 6TH |
|
Amarillo ThunderHeads batting - Pitching for Americus Braves : LHP Jose Reyes
|
|
Batting: LHB Tony Cisneros
|
0-0: Called Strike 0-1: Called Strike 0-2: Foul Ball, location: 2F 0-2: Ball 1-2: Reached on error, E4 (Groundball, 4, EV 103.1 MPH)
|
|
Batting: LHB Thie Hofmann
|
|
|
Batting: RHB Ray Travis
|
0-0: Called Strike 0-1: Called Strike 0-2: 2-RUN HOME RUN (Flyball, 7D, EV 97.5 MPH), Distance : 364 ft
|
|
Batting: RHB Jorge Balderama
|
0-0: Ball 1-0: DOUBLE (Line Drive, 8RXD, EV 103.8 MPH)
|
|
Batting: LHB Bill Mahoney
|
0-0: Ball 1-0: Ball 2-0: Called Strike 2-1: Swinging Strike 2-2: Ball 3-2: Base on Balls
|
|
Batting: RHB Eddie Vanderjagt
|
0-0: Ball 1-0: Foul Ball, location: 2F 1-1: Called Strike 1-2: Fly out, F9 (Flyball, 9S, EV 88.1 MPH)
|
|
Pitching: RHP Jose Ortega
|
|
|
Batting: RHB Adrian Quilantan
|
0-0: Ball 1-0: Ball 2-0: Called Strike 2-1: Swinging Strike 2-2: Strikes out swinging
|
|
Batting: LHB Carlos Guajardo
|
0-0: Foul Ball, location: 2F 0-1: Ball 1-1: SINGLE (Groundball, 6M, EV 105.6 MPH) Jorge Balderama to third Bill Mahoney to second Runner from 3rd tries for Home, SAFE, throw by CF to home
|
|
Batting: SHB Jose Ramirez
|
0-0: Ball 1-0: Foul Ball, location: 2F 1-1: Ball 2-1: Ball 3-1: DOUBLE (Line Drive, 8LD, EV 114.4 MPH) Bill Mahoney scores Carlos Guajardo to third
|
|
Batting: RHB Bill Flannery
|
0-0: Ball 1-0: Ball 2-0: Ball 3-0: Called Strike 3-1: Fly out, F9 (Flyball, 9D, EV 93.1 MPH)
|
| Bottom of the 6th over - 4 runs, 4 hits, 1 error, 2 left on base; Americus 3 - Amarillo 5 |
| TOP OF THE 7TH |
|
Americus Braves batting - Pitching for Amarillo ThunderHeads : RHP Vince Sumpter
|
|
Now at 1B: Eric Camillo
|
|
|
Batting: RHB Travis Mendoza
|
0-0: Foul Ball, location: 2F 0-1: Ball 1-1: Swinging Strike 1-2: Ball 2-2: Strikes out looking
|
|
Batting: LHB Pappy Sterile
|
0-0: Ground out 6-3 (Groundball, 6, EV 84.4 MPH)
|
|
Batting: RHB Juan Barela
|
0-0: Called Strike 0-1: Ball 1-1: Ball 2-1: Ball 3-1: Called Strike 3-2: Foul Ball, location: 2F 3-2: Fly out, F8 (Line Drive, 8LD, EV 86.2 MPH)
|
| Top of the 7th over - 0 runs, 0 hits, 0 errors, 0 left on base; Americus 3 - Amarillo 5 |
| BOTTOM OF THE 7TH |
|
Amarillo ThunderHeads batting - Pitching for Americus Braves : RHP Jose Ortega
|
|
Batting: LHB Tony Cisneros
|
0-0: Foul Ball, location: 2F 0-1: Swinging Strike 0-2: Fly out, F7 (Flyball, 7LS, EV 86.9 MPH)
|
|
Batting: RHB Ray Travis
|
0-0: Reached on error, E4 (Groundball, 4, EV 90.0 MPH)
|
|
Batting: RHB Jorge Balderama
|
0-0: Ball 1-0: Swinging Strike 1-1: Ball 2-1: Foul Ball, location: 2F 2-2: Strikes out swinging
|
|
Batting: LHB Bill Mahoney
|
0-0: Ball 1-0: Swinging Strike 1-1: Fly out, F5 (Popup, 56, EV 79.4 MPH)
|
| Bottom of the 7th over - 0 runs, 0 hits, 1 error, 1 left on base; Americus 3 - Amarillo 5 |
| TOP OF THE 8TH |
|
Americus Braves batting - Pitching for Amarillo ThunderHeads : RHP Vince Sumpter
|
|
Pitching: RHP Neil Coutee
|
|
|
Batting: RHB Ryan Cole
|
0-0: Foul Ball, location: 2F 0-1: Foul Ball, location: 2F 0-2: Ball 1-2: Ground out 5-3 (Groundball, 5, EV 80.6 MPH)
|
|
Batting: SHB Chris Morrison
|
0-0: Swinging Strike 0-1: Ball 1-1: Swinging Strike 1-2: Strikes out swinging
|
|
Batting: RHB Wilson Salgado
|
0-0: Called Strike 0-1: Ground out 6-3 (Groundball, 6, EV 94.4 MPH)
|
| Top of the 8th over - 0 runs, 0 hits, 0 errors, 0 left on base; Americus 3 - Amarillo 5 |
| BOTTOM OF THE 8TH |
|
Amarillo ThunderHeads batting - Pitching for Americus Braves : RHP Jose Ortega
|
|
Batting: RHB Eddie Vanderjagt
|
0-0: Ball 1-0: Foul Ball, location: 2F 1-1: Swinging Strike 1-2: Ball 2-2: Ball 3-2: Strikes out swinging
|
|
Batting: RHB Adrian Quilantan
|
0-0: Ball 1-0: Called Strike 1-1: Foul Ball, location: 2F 1-2: Ball 2-2: Strikes out swinging
|
|
Batting: RHB Eric Camillo
|
0-0: Ball 1-0: Called Strike 1-1: Foul Ball, location: 2F 1-2: Foul Ball, location: 2F 1-2: Foul Ball, location: 2F 1-2: Ball 2-2: Foul Ball, location: 2F 2-2: Ball 3-2: Foul Ball, location: 2F 3-2: Ground out 4-3 (Groundball, 4, EV 103.1 MPH)
|
| Bottom of the 8th over - 0 runs, 0 hits, 0 errors, 0 left on base; Americus 3 - Amarillo 5 |
| TOP OF THE 9TH |
|
Americus Braves batting - Pitching for Amarillo ThunderHeads : RHP Neil Coutee
|
|
Pitching: RHP Adam Montag
|
|
|
Batting: RHB Bill Horne
|
0-0: Foul Ball, location: 2F 0-1: Ground out 1-3 (Groundball, 13S, EV 75.0 MPH)
|
|
Batting: RHB Josh Maxwell
|
0-0: Ball 1-0: Ball 2-0: Called Strike 2-1: Hit by Pitch
|
|
Batting: RHB Chris Foss
|
0-0: Swinging Strike 0-1: Swinging Strike 0-2: Ball 1-2: Ball 2-2: Strikes out swinging
|
|
Batting: RHB Travis Mendoza
|
0-0: Foul Ball, location: 2F 0-1: Ball 1-1: Fly out, F7 (Flyball, 7D, EV 91.2 MPH)
|
| Top of the 9th over - 0 runs, 0 hits, 0 errors, 1 left on base; Americus 3 - Amarillo 5 |
|